[Event "Late-Titled-Tuesday-Blitz-October-10-2023"]
[Site "Chess.com"]
[Date "2023.10.10"]
[Round "7"]
[White "rezamahdavi2008"]
[Black "FrankDux44"]
[Result "1-0"]
[WhiteElo "2870"]
[BlackElo "2662"]
[TimeControl "180+1"]
[EndTime "15:09:11 PDT"]
[Termination "rezamahdavi2008 won by resignation"]

1. e4 c5 2. Nf3 d6 3. d4 cxd4 4.
Nxd4 Nf6 5. Nc3 g6 6. f3 Bg7 7.
Be3 Nc6 8. Qd2 O-O 9. O-O-O d5 10. exd5 Nxd5 11. Nxc6 bxc6 12. Bd4 Bxd4 13. Qxd4 Qb6 14. Na4 Qa5 15. b3 Be6 16. Bc4 Rfd8 17. Qe5 Qb4 18. Kb2 Nb6 19. Nxb6 axb6 20. Rxd8+ Rxd8 21. Bxe6 fxe6 22. Qxe6+ Kf8 23. Qe5 Qd4+ 24. Qxd4 Rxd4 25. Kc3 c5 26. Re1 Kf7 27. a4 Kf6 28. a5 bxa5 29. Ra1 Rh4 30. h3 c4 31. bxc4 Rh5 32. Kd4 Ke6 33. c5 Rd5+ 34. Kc4 Rd2 35. c3 Rxg2 36. Rd1 Rb2 37. c6 Rb8 38. Kc5 a4 39. c7 Ra8 40. Rd8 1-0

[Event "Late-Titled-Tuesday-Blitz-October-10-2023"]
[Site "Chess.com"]
[Date "2023.10.10"]
[Round "7"]
[White "Eloist"]
[Black "Lion-Al-Messi"]
[Result "0-1"]
[WhiteElo "2435"]
[BlackElo "2623"]
[TimeControl "180+1"]
[EndTime "15:09:17 PDT"]
[Termination "Lion-Al-Messi won by resignation"]

1. e4 c5 2. Nf3 e6 3. d4 cxd4 4. Nxd4 a6 5. Bd3 Ne7 6. O-O Nbc6 7. Be3 Nxd4 8. Bxd4 Nc6 9. Bc3 e5 10. Nd2 Bc5 11. Nc4 d6 12. Ne3 O-O 13. Nd5 b5 14.
Bd2 Be6 15. c3 f5 16. b4 Ba7 17. a4 fxe4 18. Bxe4 Qh4 19. Qe2 Bxf2+ 20. Rxf2 Rxf2 21.
Qe3 Rxd2 22. Nf6+ Qxf6 23. Bxc6 Bd5 24. Bxd5+ Rxd5 25. Qe4 Qf7 26. axb5 Rf8 27. h3 Qf2+ 28. Kh1 Rd2 0-1

[Event "Late-Titled-Tuesday-Blitz-October-10-2023"]
[Site "Chess.com"]
[Date "2023.10.10"]
[Round "7"]
[White "wild3000"]
[Black "blueryder"]
[Result "1-0"]
[WhiteElo "2312"]
[BlackElo "2177"]
[TimeControl "180+1"]
[EndTime "15:09:17 PDT"]
[Termination "wild3000 won by resignation"]

1. d4 Nf6 2. Nc3 d5 3. Bg5 Bf5 4. Bxf6 exf6 5. Nf3 c6 6. e3 Bd6 7. Bd3 Bg6 8. Bxg6 hxg6 9. h3 Nd7 10. Qd3 g5 11. e4 g4 12. Nd2 dxe4 13. Qxe4+ Qe7 14.
O-O-O gxh3 15. Qf3 O-O-O 16. Rde1 Qf8 17. Rxh3 Rxh3 18.
Qxh3 Qh8 19. Rh1 Qe8 20. Kd1 Kc7 21. Nde4 Bb4 22. Qg3+ Kb6 23. Na4+ Ka6 24. a3 b5 25.
axb4 bxa4 26. Qd3+ Kb7 27. Nd6+ 1-0

[Event "Late-Titled-Tuesday-Blitz-October-10-2023"]
[Site "Chess.com"]
[Date "2023.10.10"]
[Round "7"]
[White "aNaartjieZA"]
[Black "Jarming"]
[Result "0-1"]
[WhiteElo "2555"]
[BlackElo "2758"]
[TimeControl "180+1"]
[EndTime "15:09:19 PDT"]
[Termination "Jarming won by resignation"]

1. e4 c5 2. Nf3 d6 3. g3 Nf6 4. d3 g6 5. Bg2 Bg7 6. O-O O-O 7. Re1 Nc6 8. c3 Rb8 9. a4 a6 10. h3 b5 11. axb5 axb5 12. d4 b4 13. Nbd2 bxc3 14. bxc3 cxd4 15. cxd4 Nd7 16. Nf1 Rb4 17.
Be3 Bb7 18. Qd2 Nb6 19. Rab1 Nc4 20. Qd3 Nxe3 21. Nxe3 Qa5 22. Rxb4 Nxb4 23. Qb1 Rc8 24. e5 dxe5 25. dxe5 Bxf3 26. Bxf3 Bxe5 27. Nd5 Nxd5 28. Rxe5 Qa3 29. Qb7 Qa1+ 30. Kg2 Qxe5 31. Qxc8+ Kg7 32. Qd7 Nb4 33. Qd2 Qd6 34. Qc3+ e5 35. h4 Qd4 36. Qc7 Nd3 0-1

[Event "Late-Titled-Tuesday-Blitz-October-10-2023"]
[Site "Chess.com"]
[Date "2023.10.10"]
[Round "7"]
[White "Vegan4future"]
[Black "lamomiajunior"]
[Result "0-1"]
[WhiteElo "2444"]
[BlackElo "2744"]
[TimeControl "180+1"]
[EndTime "15:09:26 PDT"]
[Termination "lamomiajunior won by resignation"]

1. d4 Nf6 2. Nc3 d5 3. Bf4 e6 4. Nb5 Na6 5. e3 Be7 6. Nf3 O-O 7. h4 c6 8. Nc3 Qb6 9. a3 c5 10. Be2 Bd7 11. Ne5 Be8 12. g4 Rc8 13. g5 Nd7 14.
Rb1 cxd4 15. exd4 Nxe5 16. Bxe5 Nb8 17. Bd3 Nc6 18. Qh5 g6 19. Qh6 Nxe5 20. dxe5 Qd4 21.
Kd2 Qf4+ 22. Kd1 Bc6 23. Re1 Rfe8 0-1

[Event "Late-Titled-Tuesday-Blitz-October-10-2023"]
[Site "Chess.com"]
[Date "2023.10.10"]
[Round "7"]
[White "Arystanner"]
[Black "shimastream"]
[Result "0-1"]
[WhiteElo "2816"]
[BlackElo "2998"]
[TimeControl "180+1"]
[EndTime "15:09:27 PDT"]
[Termination "shimastream won by resignation"]

1. e4 d6 2. d4 c6 3. Nc3 e5 4. Nge2 Nf6 5. f3 Nbd7 6. Be3 b5 7. Qd2 Be7 8. a4 b4 9. Nd1 d5 10. Nf2 O-O 11. c3 Rb8 12. g3 c5 13. dxc5 Nxc5 14. Bxc5 Bxc5 15. Nd3 bxc3 16. bxc3 Bb6 17. Nxe5 Bb7 18.
Nd4 dxe4 19. Nec6 Bxc6 20. Nxc6 Qe8 21. Nxb8 exf3+ 22. Kd1 Qxb8 23. Bd3 Rd8 24. Kc2 Nd5 25. Rhe1 Ba5 26. Rab1 Qc7 27. Rb3 Nb4+ 28. Kb1 Nxd3 29. Qxd3 f2 30. Rf1 Rxd3 0-1

[Event "Late-Titled-Tuesday-Blitz-October-10-2023"]
[Site "Chess.com"]
[Date "2023.10.10"]
[Round "7"]
[White "Szczor"]
[Black "matagordo"]
[Result "1-0"]
[WhiteElo "2598"]
[BlackElo "2219"]
[TimeControl "180+1"]
[EndTime "15:09:38 PDT"]
[Termination "Szczor won by resignation"]

1. Nf3 e6 2. g3 Nf6 3. Bg2 c6 4. O-O Be7 5. d4 O-O 6. Nbd2 d6 7. e4 Nbd7 8. Re1 e5 9. b3 Re8 10. Bb2 Bf8 11. dxe5 dxe5 12. Nc4 Qc7 13. a4 a5 14. Qe2 b5 15. axb5 cxb5 16. Ne3 Ba6 17. Nd5 Nxd5 18.
exd5 b4 19. Qd2 Bd6 20. Ng5 Nc5 21. Ne4 Rac8 22. Nxd6 Qxd6 23. Rxa5 Nb7 24. Ra4 Qc7 25. Rxa6 Nc5 26. Rc6 Qa5 27. Ra1 Qb5 28. Rxc8 Rxc8 29.
Bxe5 Rd8 30. Qg5 f6 31. Bxf6 Rd7 32. Bh3 Rb7 33. Be6+ Nxe6 34. dxe6 Qxg5 35. Ra8+ 1-0

[Event "Late-Titled-Tuesday-Blitz-October-10-2023"]
[Site "Chess.com"]
[Date "2023.10.10"]
[Round "7"]
[White "Andrei_Skvortsov"]
[Black "Necromon"]
[Result "0-1"]
[WhiteElo "2653"]
[BlackElo "2479"]
[TimeControl "180+1"]
[EndTime "15:09:46 PDT"]
[Termination "Necromon won by resignation"]

1. e4 c5 2. d4 cxd4 3. Qxd4 Nc6 4. Qd3 g6 5. Nc3 Bg7 6. Nf3 d6 7. Be2 Nf6 8. O-O Nd7 9. Nd5 O-O 10. c3 Nc5 11. Qc2 a6 12. b4 Ne6 13. Rb1 b5 14. a4 bxa4 15. Qxa4 Bd7 16. Qa3 Nc7 17. Be3 Nb5 18. Qb3 e6 19. Bxb5 axb5 20. Nb6 Rb8 21. Nxd7 Qxd7 22. Rfd1 Rfc8 23. Nd4 Ne5 24. Bf4 Nc4 25.
Bg3 e5 26. Nf3 Qc6 27. Re1 Bf8 28. Rbd1 Ra8 29. h4 Ra3 30. Qc2 Nb6 31. Rd3 Rxc3 32.
Rxc3 Qxc3 33. Qb1 Rc4 34. Rd1 Qxb4 35. Qa2 Na4 36. Qa1 Rxe4 37. Ng5 Rd4 38. Rb1 Qc5 39. Qa2 d5 40. Qe2 Nc3 41. Qf3 f5 42. Ra1 e4 43.
Qe3 Rd1+ 44. Rxd1 Qxe3 45. fxe3 Nxd1 0-1

[Event "Late-Titled-Tuesday-Blitz-October-10-2023"]
[Site "Chess.com"]
[Date "2023.10.10"]
[Round "7"]
[White "IPAchess"]
[Black "Joshukid"]
[Result "0-1"]
[WhiteElo "2383"]
[BlackElo "2572"]
[TimeControl "180+1"]
[EndTime "15:09:48 PDT"]
[Termination "Joshukid won by resignation"]

1. d4 Nf6 2. c4 e6 3. Nf3 b6 4. a3 Bb7 5. Nc3 Be7 6. Qc2 d5 7.
cxd5 exd5 8. Bg5 Nbd7 9. e3 h6 10. Bh4 O-O 11. Bd3 c5 12. O-O Re8 13. Rac1 Ne4 14.
Bxe7 Qxe7 15. Nd2 Rac8 16. Bb5 cxd4 17. exd4 Nxc3 18. bxc3 a6 19. Bxd7 Qxd7 20. Nf3 b5 21. Ne5 Qd6 22. Qb3 Rc7 23. Nd3 Rec8 24. Nc5 Rxc5 25.
dxc5 Qxc5 26. Rfd1 d4 27. h3 dxc3 28. Rd7 Qg5 29. Qxf7+ Kh8 30. g3 0-1

[Event "Late-Titled-Tuesday-Blitz-October-10-2023"]
[Site "Chess.com"]
[Date "2023.10.10"]
[Round "7"]
[White "frederiksvane"]
[Black "FMJoseHerrera"]
[Result "1-0"]
[WhiteElo "2910"]
[BlackElo "2754"]
[TimeControl "180+1"]
[EndTime "15:09:52 PDT"]
[Termination "frederiksvane won by resignation"]

1. c4 Nf6 2. Nc3 g6 3. e4 Bg7 4. d4 O-O 5. Be2 c5 6. d5 b5 7. cxb5 a6 8. a4 axb5 9. Bxb5 e6 10. Nge2 exd5 11. exd5 Na6 12. O-O Nb4 13. d6 Bb7 14.
Be3 Rc8 15. a5 Ng4 16. Bf4 Qf6 17. a6 Bc6 18. Bxc6 Rxc6 19. a7 Ra8 20. Nb5 Na6 21. h3 Ne5 22. Qd5 Qf5 23. Rxa6 Rcc8 24. Nc7 1-0

[Event "Late-Titled-Tuesday-Blitz-October-10-2023"]
[Site "Chess.com"]
[Date "2023.10.10"]
[Round "7"]
[White "arturdailima"]
[Black "familijatop71"]
[Result "1-0"]
[WhiteElo "2303"]
[BlackElo "2135"]
[TimeControl "180+1"]
[EndTime "15:09:52 PDT"]
[Termination "arturdailima won by resignation"]

1. e4 c5 2. Nf3 d6 3. Bc4 e6 4.
O-O Nf6 5. Re1 Nc6 6. c3 Be7 7. d4 O-O 8. e5 dxe5 9. dxe5 Qxd1 10. Rxd1 Nd7 11. Bf4 a6 12. a4 Na5 13. Bd3 c4 14. Be4 Nc5 15. Bc2 Nab3 16. Ra2 Rd8 17. Rxd8+ Bxd8 18. Nbd2 Nxd2 19. Nxd2 Bd7 20. Nxc4 Rc8 21. Nd6 Rb8 22. b4 b6 23. bxc5 bxc5 24. h3 Bc6 25. Be4 Bxe4 26. Nxe4 Bc7 27. Nxc5 h6 28. Nxa6 Rc8 29.
Nxc7 1-0

[Event "Late-Titled-Tuesday-Blitz-October-10-2023"]
[Site "Chess.com"]
[Date "2023.10.10"]
[Round "7"]
[White "Alphafischer2019"]
[Black "Binary010"]
[Result "0-1"]
[WhiteElo "2582"]
[BlackElo "2836"]
[TimeControl "180+1"]
[EndTime "15:10:18 PDT"]
[Termination "Binary010 won by checkmate"]

1. d4 Nf6 2. Nc3 d5 3. Bf4 c5 4. e3 cxd4 5. exd4 a6 6. Nf3 Nc6 7. Ne5 Bd7 8. Qd2 e6 9. f3 Bb4 10. g4 Rc8 11. a3 Bxc3 12. bxc3 O-O 13. Rb1 b5 14. Nd3 Re8 15. Be2 Na5 16. Nc5 e5 17.
Be3 Nc4 18. Bxc4 dxc4 19. O-O Nd5 20. Bf2 Bc6 21. Rfe1 Qf6 22. Kg2 Nf4+ 23. Kg3 Qh6 24. Be3 Qh3+ 25. Kf2 Qg2# 0-1

[Event "Late-Titled-Tuesday-Blitz-October-10-2023"]
[Site "Chess.com"]
[Date "2023.10.10"]
[Round "7"]
[White "NovikovaGalina"]
[Black "pinguino120"]
[Result "1-0"]
[WhiteElo "2423"]
[BlackElo "2228"]
[TimeControl "180+1"]
[EndTime "15:10:23 PDT"]
[Termination "NovikovaGalina won by resignation"]

1. e4 c5 2. Nf3 d6 3. d4 cxd4 4. Nxd4 Nf6 5. Nc3 a6 6. Rg1 e5 7. Nb3 h5 8. h3 Be6 9. g4 hxg4 10.
hxg4 d5 11. g5 Nxe4 12. Nxe4 dxe4 13. Qxd8+ Kxd8 14. Bg2 Nc6 15. Be3 Kc7 16. Bxe4 Rd8 17. Rd1 Rxd1+ 18. Kxd1 Be7 19. Kc1 Rd8 20. Rh1 Nd4 21.
Nxd4 exd4 22. Bf4+ Bd6 23. Bxd6+ Rxd6 24. Rh7 Bd5 25.
Bxd5 Rxd5 26. Rxg7 Rd7 27. f4 Kd6 28. f5 Re7 29. Kd2 Kd5 30. g6 1-0

[Event "Late-Titled-Tuesday-Blitz-October-10-2023"]
[Site "Chess.com"]
[Date "2023.10.10"]
[Round "7"]
[White "FM_Kappeler"]
[Black "GoldenShare"]
[Result "0-1"]
[WhiteElo "2319"]
[BlackElo "2533"]
[TimeControl "180+1"]
[EndTime "15:10:25 PDT"]
[Termination "GoldenShare won by resignation"]

1. d4 d5 2. c4 dxc4 3. e3 Nf6 4.
Bxc4 e6 5. Nf3 a6 6. O-O b5 7. Bd3 Bb7 8. Qe2 c5 9. a4 b4 10. Nbd2 Nbd7 11. Nb3 Be7 12. e4 cxd4 13. Nfxd4 Ne5 14.
Rd1 Nxd3 15. Rxd3 Bxe4 16. Re3 Bd5 17. Bd2 O-O 18. a5 Qc7 19. Rc1 Qb7 20. Nc5 Bxc5 21.
Rxc5 Rac8 22. Rxc8 Rxc8 23. Rg3 Ne4 24. Rg4 f5 25. Rh4 Qe7 26. Rh3 Qf6 27. Be3 f4 28.
Rf3 fxe3 29. Rxf6 Rc1+ 30. Qf1 Rxf1+ 31. Kxf1 0-1

[Event "Late-Titled-Tuesday-Blitz-October-10-2023"]
[Site "Chess.com"]
[Date "2023.10.10"]
[Round "7"]
[White "temus_galaktionov"]
[Black "SaqoChess_Twitch"]
[Result "1-0"]
[WhiteElo "2879"]
[BlackElo "2622"]
[TimeControl "180+1"]
[EndTime "15:10:26 PDT"]
[Termination "temus_galaktionov won by checkmate"]

1. d4 d5 2. c4 e6 3. Nf3 Nf6 4. Nc3 Be7 5. Bf4 c5 6. dxc5 Na6 7. e3 Nxc5 8. cxd5 Nxd5 9. Nxd5 exd5 10. Bb5+ Bd7 11.
Bxd7+ Qxd7 12. O-O O-O 13. Rc1 Rac8 14. Be5 f6 15.
Bd4 b6 16. Qd2 Rfd8 17. Rfd1 Ne4 18. Qd3 Qa4 19. a3 Rc4 20. b3 Rxd4 21. Nxd4 Qxa3 22.
Nc6 Rd7 23. Nxe7+ Qxe7 24. Rc8+ Kf7 25. f3 Nc5 26. Qxh7 Qxe3+ 27. Kh1 Qe2 28. Qh5+ Ke6 29. Re8+ Re7 30. Qxd5# 1-0

[Event "Late-Titled-Tuesday-Blitz-October-10-2023"]
[Site "Chess.com"]
[Date "2023.10.10"]
[Round "7"]
[White "GHANDEEVAM2003"]
[Black "ameetghasi100"]
[Result "1-0"]
[WhiteElo "3036"]
[BlackElo "2734"]
[TimeControl "180+1"]
[EndTime "15:10:36 PDT"]
[Termination "GHANDEEVAM2003 won on time"]

1. c4 g6 2. g3 Bg7 3. Bg2 Nf6 4. Nf3 O-O 5. O-O d6 6. b3 Nc6 7. Bb2 e5 8. d3 Bg4 9. Nc3 Qd7 10. a3 Rae8 11. b4 Bh3 12. e3 Bxg2 13. Kxg2 d5 14. cxd5 Nxd5 15. Ne4 b6 16. Rc1 f5 17. Qb3 Kh8 18. Ned2 Re6 19. e4 Nf6 20. exf5 gxf5 21. Nc4 Nd5 22. b5 Nd4 23. Ncxe5 Nxb3 24. Nxd7 Bxb2 25. Nxf8 Re2 26. Rce1 Rc2 27. Ne6 Bxa3 28. Ned4 Nxd4 29. Nxd4 Rd2 30. Nxf5 Bc5 31. Re8+ 1-0

[Event "Late-Titled-Tuesday-Blitz-October-10-2023"]
[Site "Chess.com"]
[Date "2023.10.10"]
[Round "7"]
[White "GMG"]
[Black "BulteniBo"]
[Result "1-0"]
[WhiteElo "2721"]
[BlackElo "2538"]
[TimeControl "180+1"]
[EndTime "15:10:36 PDT"]
[Termination "GMG won by resignation"]

1. Nf3 g6 2. d4 Bg7 3. c4 d6 4.
Nc3 Nf6 5. g3 O-O 6. Bg2 Nc6 7.
O-O a6 8. Bf4 Bd7 9. Rc1 Rb8 10.
Nd5 e6 11. Nxf6+ Bxf6 12. d5 Ne7 13. Qd2 e5 14. Bh6 Re8 15. e4 Bg7 16. Nh4 f6 17. Bxg7 Kxg7 18. f4 Ng8 19. f5 g5 20. Nf3 h6 21. c5 Ne7 22. Rfd1 Nxf5 23. exf5 Bxf5 24.
Qc3 Re7 25. h3 h5 26. h4 g4 27. Nd2 Bg6 28. Ne4 Qd7 29. Rf1 Rf8 30. b4 Bxe4 31. Bxe4 f5 32. Bg2 Kg6 33. Qd3 e4 34. Qe3 Re5 1-0

[Event "Late-Titled-Tuesday-Blitz-October-10-2023"]
[Site "Chess.com"]
[Date "2023.10.10"]
[Round "7"]
[White "IlanSchnaider"]
[Black "GlavkonVVS"]
[Result "1-0"]
[WhiteElo "2784"]
[BlackElo "2536"]
[TimeControl "180+1"]
[EndTime "15:10:40 PDT"]
[Termination "IlanSchnaider won by resignation"]

1. e4 Nf6 2. e5 Nd5 3. d4 d6 4. Nf3 Bg4 5. Bc4 dxe5 6. Nc3 e6 7. dxe5 c6 8. Bd2 Nd7 9. Qe2 Be7 10.
O-O-O b5 11. Bxd5 cxd5 12. Nxb5 O-O 13. h3 Bh5 14. g4 Bg6 15. h4 h5 16. Rdg1 Qb6 17. Be3 Qa6 18. Nc3 Qa5 19. Nd4 hxg4 20. Nc6 Qc7 21. Nxe7+ Kh7 22. Nxg6 fxg6 23. h5 g5 24. Qxg4 Nxe5 25. Qxg5 Rf5 26. Qg3 Raf8 27. h6 g6 28. Bd4 g5 29. f4 Rxf4 30. Qxg5 Rxd4 31.
Qg7+ Qxg7 32. hxg7+ Kg8 33. Rh8+ 1-0

[Event "Late-Titled-Tuesday-Blitz-October-10-2023"]
[Site "Chess.com"]
[Date "2023.10.10"]
[Round "7"]
[White "isainz"]
[Black "giomar27"]
[Result "0-1"]
[WhiteElo "2025"]
[BlackElo "2287"]
[TimeControl "180+1"]
[EndTime "15:10:43 PDT"]
[Termination "giomar27 won by resignation"]

1. e4 e5 2. Nf3 Nc6 3. Bc4 Nf6 4. d3 h6 5. O-O d6 6. Re1 g5 7. a4 g4 8. Nh4 Nxe4 9. dxe4 Qxh4 10. Nc3 Be6 11. Nd5 Qd8 12. c3 Bg7 13. b4 O-O 14.
Ne3 Bxc4 15. Nxc4 h5 16. Be3 Ne7 17. Qd2 d5 18. exd5 Qxd5 19. Qxd5 Nxd5 20. Na5 b6 21.
Nc6 Nxc3 22. a5 Nd5 23. axb6 axb6 24. Rxa8 Rxa8 25. Bd2 Ra2 26. Rd1 e4 27. Be1 Nc3 28. Bxc3 Bxc3 29. Ne7+ Kh7 30. Nd5 Be5 31. Re1 f5 32. g3 Rb2 33. Rc1 Kg6 34. Nxc7 Bxc7 35. Rxc7 Rxb4 36. Rc6+ Kg5 37. Kg2 Rb2 38. Kf1 b5 39. Rc5 b4 40. Rc6 b3 41. Kg2 e3 42.
h4+ gxh3+ 43. Kxh3 exf2 0-1

[Event "Late-Titled-Tuesday-Blitz-October-10-2023"]
[Site "Chess.com"]
[Date "2023.10.10"]
[Round "7"]
[White "h4parah5"]
[Black "mishanick"]
[Result "0-1"]
[WhiteElo "2932"]
[BlackElo "3096"]
[TimeControl "180+1"]
[EndTime "15:10:47 PDT"]
[Termination "mishanick won by resignation"]

1. d4 Nf6 2. Nf3 d5 3. Bf4 c5 4.
e3 Nc6 5. Nbd2 Qb6 6. dxc5 Qxb2 7. c4 e6 8. Rb1 Qa3 9. cxd5 Nxd5 10. Be5 Nxe5 11. Nxe5 Bxc5 12. Bb5+ Ke7 13. Ndc4 Qc3+ 14. Kf1 a6 15. Rb3 axb5 16. Rxc3 Nxc3 17. Qh5 Rxa2 18. Qxf7+ Kd8 19. g3 Rf8 20. Qxg7 Rfxf2+ 21. Kg1 bxc4 22. Nf7+ Rxf7 23. Qxf7 Bxe3+ 24. Kf1 Rf2+ 25. Qxf2 Bxf2 26. Kxf2 b5 27. g4 b4 28. Rc1 b3 0-1

[Event "Late-Titled-Tuesday-Blitz-October-10-2023"]
[Site "Chess.com"]
[Date "2023.10.10"]
[Round "7"]
[White "AsadliVugar"]
[Black "AlleyOoper"]
[Result "1-0"]
[WhiteElo "2866"]
[BlackElo "2592"]
[TimeControl "180+1"]
[EndTime "15:10:53 PDT"]
[Termination "AsadliVugar won by checkmate"]

1. e4 c6 2. Nf3 d5 3. e5 Bg4 4.
Be2 e6 5. O-O Nd7 6. d4 Ne7 7. Nbd2 Nf5 8. h3 Bxf3 9. Nxf3 c5 10. c3 Be7 11. Bd3 c4 12. Bc2 g6 13. g4 Nh4 14.
Nxh4 Bxh4 15. f4 Qb6 16. g5 h5 17. Kg2 Qc7 18. Rf3 Kf8 19. b3 Nb6 20. Ba3+ Kg7 21.
Bd6 Qd7 22. a4 cxb3 23. Bxb3 Rhc8 24. a5 Nc4 25. Bb4 Rc7 26. Qe2 Rac8 27. Rff1 Qd8 28.
Kf3 Rc6 29. Rfb1 R6c7 30. Bc5 Rxc5 31. dxc5 Rxc5 32. Bxc4 Rxc4 33. Rxb7 Bxg5 34. fxg5 Qxg5 35. Qe3 Qf5+ 36. Kg2 Qc2+ 37. Qf2 Qe4+ 38. Kg1 Qxe5 39. Rxf7+ Kg8 40. Re1 Qg5+ 41. Kh1 Rxc3 42. Rf8+ Kh7 43. Qf7+ Kh6 44. Rh8# 1-0

[Event "Late-Titled-Tuesday-Blitz-October-10-2023"]
[Site "Chess.com"]
[Date "2023.10.10"]
[Round "7"]
[White "RIPOL"]
[Black "GMJustin"]
[Result "1-0"]
[WhiteElo "2440"]
[BlackElo "2190"]
[TimeControl "180+1"]
[EndTime "15:10:55 PDT"]
[Termination "RIPOL won on time"]

1. d4 Nf6 2. Bg5 c5 3. Bxf6 gxf6 4. d5 f5 5. c4 Bg7 6. Qc2 Qa5+ 7. Nd2 e6 8. g3 Na6 9. Bg2 d6 10. a3 exd5 11.
cxd5 Bd7 12. Nh3 Ba4 13. Qc1 Qb5 14. Rb1 Bb3 15. Nxb3 Qxb3 16. O-O Be5 17. Qg5 1-0

[Event "Late-Titled-Tuesday-Blitz-October-10-2023"]
[Site "Chess.com"]
[Date "2023.10.10"]
[Round "7"]
[White "AungTZ"]
[Black "mac0504"]
[Result "0-1"]
[WhiteElo "2072"]
[BlackElo "2573"]
[TimeControl "180+1"]
[EndTime "15:10:56 PDT"]
[Termination "mac0504 won by resignation"]

1. e4 Nc6 2. Nf3 d6 3. d4 Nf6 4. Nc3 Bg4 5. Be3 g6 6. Be2 Bg7 7. h3 Bxf3 8. Bxf3 O-O 9. Qd2 e5 10.
d5 Nd4 11. Bd1 c5 12. dxc6 bxc6 13. O-O c5 14. f3 Nh5 15. Ne2 f5 16. c3 fxe4 17.
fxe4 Rxf1+ 18. Kxf1 Qf6+ 19. Kg1 Rf8 20. cxd4 exd4 21.
Bg5 Qf1+ 22. Kh2 Be5+ 23. Nf4 Nxf4 24. Kg3 Ne2+ 25. Kg4 Qxg2+ 0-1

[Event "Late-Titled-Tuesday-Blitz-October-10-2023"]
[Site "Chess.com"]
[Date "2023.10.10"]
[Round "7"]
[White "Gravity_Chess"]
[Black "Baku_Boulevard"]
[Result "0-1"]
[WhiteElo "2884"]
[BlackElo "3041"]
[TimeControl "180+1"]
[EndTime "15:11:00 PDT"]
[Termination "Baku_Boulevard won by checkmate"]

1. Nf3 g6 2. g3 Bg7 3. Bg2 d6 4. d4 Nf6 5. O-O O-O 6. c4 Nbd7 7. Nc3 e5 8. dxe5 dxe5 9. Qc2 c6 10. b3 Qe7 11.
Bb2 Re8 12. Nd2 Nf8 13. Rad1 h5 14. Nde4 Bf5 15. Qc1 Nxe4 16. Nxe4 Bxe4 17. Bxe4 Ne6 18. Ba3 Qc7 19. e3 Rad8 20. Rxd8 Rxd8 21. Rd1 Rxd1+ 22.
Qxd1 Qa5 23. Qc1 Bf8 24. Bxf8 Kxf8 25. Qb2 Ng5 26. b4 Qc7 27. Bg2 Qd6 28. f4 exf4 29.
gxf4 Ne6 30. Bh3 Qd3 31. Qh8+ Ke7 32. Qe5 Qxc4 33. Bxe6 Qxe6 34. Qc5+ Qd6 35. Qxa7 Qxb4 36. Kf2 h4 37. h3 c5 38. Qb8 Qd2+ 39. Kf3 Qd5+ 40.
Kg4 Qh5# 0-1

[Event "Late-Titled-Tuesday-Blitz-October-10-2023"]
[Site "Chess.com"]
[Date "2023.10.10"]
[Round "7"]
[White "Mackster23"]
[Black "santosalberto1987"]
[Result "1-0"]
[WhiteElo "2672"]
[BlackElo "2466"]
[TimeControl "180+1"]
[EndTime "15:11:04 PDT"]
[Termination "Mackster23 won by resignation"]

1. e4 e6 2. d4 d5 3. Nc3 Nf6 4. Bg5 Bb4 5. e5 h6 6. Be3 Ne4 7. Qg4 Kf8 8. Ne2 c5 9. dxc5 Bxc5 10. Nxe4 Bxe3 11. fxe3 dxe4 12. Nc3 Nc6 13. Qxe4 Qa5 14. O-O-O Ke7 15. Bb5 Bd7 16. Rd6 Rhd8 17. Rhd1 a6 18. Qh4+ Ke8 19. Bxc6 Bxc6 20. a3 Rac8 21. Qg3 Kf8 22. Rf1 Rxd6 23. exd6 Rd8 24. e4 e5 25. Qg6 Rd7 26. Qh7 Rxd6 27. Qh8+ Ke7 28. Qxg7 Be8 29. Nd5+ Rxd5 30. exd5 Qxd5 31. Qxh6 Qxg2 32. Qf6+ Kf8 33. Qh8+ Ke7 34. Qxe5+ Kf8 35. Qc5+ Kg7 36. Rg1 1-0

[Event "Late-Titled-Tuesday-Blitz-October-10-2023"]
[Site "Chess.com"]
[Date "2023.10.10"]
[Round "7"]
[White "Mikhal867"]
[Black "JoakimVonAnd"]
[Result "0-1"]
[WhiteElo "2461"]
[BlackElo "2675"]
[TimeControl "180+1"]
[EndTime "15:11:04 PDT"]
[Termination "JoakimVonAnd won on time"]

1. d4 d5 2. c4 e6 3. Nf3 Nf6 4.
g3 dxc4 5. Bg2 c6 6. O-O b5 7. a4 Bb7 8. b3 cxb3 9. Qxb3 a6 10. Ne5 Bd6 11. Nc4 Bc7 12. Ba3 Nd5 13. e4 Nb6 14. Na5 Bc8 15. e5 Nd5 16. Nxc6 Nxc6 17. axb5 axb5 18.
Qxb5 Bd7 19. Qc5 Bb6 20. Qc4 Bxd4 21. Ra2 Bxe5 22. Bxd5 exd5 23. Qxd5 Ra5 24. Qc4 Qc7 25. Re2 Be6 26. Qh4 Bd6 27. Bxd6 Qxd6 28. Rd2 Qe7 29. Rc1 Qxh4 30. gxh4 Ne5 31. Re2 O-O 32. f4 Nd3 33. Rc3 Nxf4 0-1

[Event "Late-Titled-Tuesday-Blitz-October-10-2023"]
[Site "Chess.com"]
[Date "2023.10.10"]
[Round "7"]
[White "victormago"]
[Black "lluiss"]
[Result "0-1"]
[WhiteElo "2485"]
[BlackElo "2223"]
[TimeControl "180+1"]
[EndTime "15:11:05 PDT"]
[Termination "lluiss won by resignation"]

1. d4 Nf6 2. c4 g6 3. Nc3 d5 4. cxd5 Nxd5 5. e4 Nxc3 6. bxc3 Bg7 7. Nf3 c5 8. Be3 Qa5 9. Qd2 O-O 10. Rb1 a6 11.
Rc1 cxd4 12. cxd4 Qxd2+ 13. Kxd2 Nc6 14. d5 Ne5 15. Nxe5 Bxe5 16. f4 Bg7 17. Rc7 e6 18. d6 e5 19. Bc4 Be6 20. Bxe6 fxe6 21. Rxg7+ Kxg7 22. fxe5 Rac8 23. Rb1 Rf7 24. Kd3 Kf8 25. Bg5 Ke8 26. Bf6 b5 27. a4 Rb7 28. axb5 axb5 29.
Rb3 Rc1 30. Ra3 Kd7 31. Ra8 Rc8 32. Ra3 b4 33. Rb3 Rc1 34. g4 Rh1 35. Rb2 Rf1 36. Ke3 Rc1 37. Kf4 b3 38. Kg5 Rc2 39. Rb1 b2 0-1

[Event "Late-Titled-Tuesday-Blitz-October-10-2023"]
[Site "Chess.com"]
[Date "2023.10.10"]
[Round "7"]
[White "PatzerSmashers"]
[Black "NateSolon"]
[Result "0-1"]
[WhiteElo "2406"]
[BlackElo "2585"]
[TimeControl "180+1"]
[EndTime "15:11:11 PDT"]
[Termination "NateSolon won on time"]

1. Nf3 d5 2. e3 Nf6 3. c4 c6 4.
Nc3 e6 5. b3 Bd6 6. Bb2 O-O 7.
Qc2 b6 8. Rg1 Bb7 9. d4 Nbd7 10.
g4 c5 11. g5 Ne4 12. Nxe4 dxe4 13. Nd2 cxd4 14. exd4 e3 15. Ne4 Bb4+ 16. Nc3 exf2+ 17. Qxf2 e5 18. O-O-O exd4 19. Qxd4 Bc5 20. Qxd7 Qxd7 21.
Rxd7 Bc8 22. Rd3 Bxg1 23. Bg2 Rb8 24. Ne2 Bxh2 25. Nd4 Bb7 26. Bxb7 Rxb7 27. Nf5 Bf4+ 28. Kc2 Bxg5 29. Rg3 f6 0-1

[Event "Late-Titled-Tuesday-Blitz-October-10-2023"]
[Site "Chess.com"]
[Date "2023.10.10"]
[Round "7"]
[White "Bala-Afiada"]
[Black "Pomberito2"]
[Result "0-1"]
[WhiteElo "1939"]
[BlackElo "2469"]
[TimeControl "180+1"]
[EndTime "15:11:12 PDT"]
[Termination "Pomberito2 won by resignation"]

1. d4 e6 2. c4 Nf6 3. Nf3 b6 4. g3 Ba6 5. Qc2 c5 6. Bg2 Bb7 7.
O-O cxd4 8. Nxd4 Bxg2 9. Kxg2 Nc6 10. Nxc6 dxc6 11. Rd1 Qc8 12. Bf4 Be7 13. Nc3 O-O 14.
Rd2 Qb7 15. f3 Rad8 16. Rad1 Qc8 17. Ne4 Rxd2 18. Nxf6+ Bxf6 19. Rxd2 Rd8 20. Qd1 Rxd2 21. Qxd2 Qd8 22. Qxd8+ Bxd8 23. e4 Kf8 24. Bd6+ Ke8 25. c5 b5 26. Kf2 Ba5 27. Ke3 f6 28. f4 Kd7 29. a3 Bd8 30. h3 g6 31. g4 f5 32. exf5 exf5 33. gxf5 gxf5 34. Kd4 Ke6 35. Be5 Bh4 36. b3 Bf2+ 37. Kd3 Bxc5 38. a4 bxa4 39. bxa4 Bd6 40. Bd4 a6 41. Be3 Kd5 42. h4 c5 43. h5 c4+ 44. Kc3 Bc7 45. Bd2 Ba5+ 0-1